 Dungeon Crawl Stone Soup version 0.29.1-15-g9cfb28693d (webtiles) character file.

Game seed: 3492005784723533511

14 ChiefBigBeans the Stinger (level 2, -1/20 HPs)
             Began as a Merfolk Venom Mage on Feb 23, 2023.
             Slain by a hobgoblin (2 damage)
             ... on level 1 of the Dungeon.
             The game lasted 00:03:09 (412 turns).

ChiefBigBeans the Stinger (Merfolk Venom Mage)       Turns: 412, Time: 00:03:09

Health: -1/20      AC:  3    Str:  8    XL:     2   Next: 41%
Magic:  3/5        EV: 12    Int: 14    God:
Gold:   15         SH:  0    Dex: 14    Spells: 4/5 levels left

rFire   . . .      SeeInvis .   d - +0 dagger
rCold   . . .      Faith    .   (no shield)
rNeg    . . .      Spirit   .   a - +0 robe
rPois   .          Reflect  .   (no helmet)
rElec   .          Harm     .   (no cloak)
rCorr   .          Rampage  .   (no gloves)
Will    .....                   f - +0 pair of boots
Stlth   ++........              (no amulet)
HPRegen 0.06/turn               g - ring of flight
MPRegen 0.09/turn               (no ring)

@: flying
A: (nimble swimmer 2), mertail
a: no special abilities


You were on level 1 of the Dungeon.
You visited 1 branch of the dungeon, and saw 1 of its levels.

You collected 15 gold pieces.

Inventory:

Hand Weapons
 d - a +0 dagger (weapon)
Armour
 a - a +0 robe (worn)
 f - a +0 pair of boots (worn)
Jewellery
 g - a ring of flight (left hand)
Scrolls
 c - a scroll of blinking {unknown}
 h - a scroll of identify {unknown}
Potions
 b - a potion of magic
 e - a potion of curing {unknown}


   Skills:
 + Level 0.8 Fighting
 - Level 2.6 Dodging
 + Level 2.5 Stealth
 + Level 2.2 Spellcasting
 - Level 1.3 Transmutations
 + Level 3.5 Poison Magic


You had 4 spell levels left.
You knew the following spells:

 Your Spells              Type           Power      Damage    Failure   Level
a - Sting                 Tmut/Pois      32%        1d4       9%          1

Your spell library contained the following spells:

 Spells                   Type           Power      Damage    Failure   Level
 Poisonous Vapours        Pois/Air       12%        N/A       17%         2
 Mephitic Cloud           Conj/Pois/Air  4%         N/A       41%         3
 Olgreb's Toxic Radiance  Pois           11%        N/A       50%         4


Dungeon Overview and Level Annotations

Branches:
Dungeon (1/15)

Altars:


Innate Abilities, Weirdness & Mutations

((You are very nimble when in or above water. (Stealth+, EV+, Speed+++)))
Your lower body shifts to a powerful aquatic tail in water.


Message History

You hit the endoplasm.
The endoplasm is severely wounded.
The kobold throws a stone.
The stone closely misses you. The endoplasm closely misses you.
You hit the endoplasm.
The endoplasm is almost dead.
The endoplasm closely misses you.
The kobold throws a stone.
The stone barely misses you.
You hit the endoplasm.
You kill the endoplasm!
You hit the hobgoblin.
The hobgoblin is moderately wounded.
The hobgoblin hits you.
You hit the hobgoblin but do no damage.
The hobgoblin is moderately wounded.
The hobgoblin barely misses you. The hobgoblin hits you.
You closely miss the hobgoblin.
The hobgoblin is moderately wounded.
The hobgoblin hits you.
The hobgoblin hits you but does no damage.
You closely miss the hobgoblin.
The hobgoblin is moderately wounded.
The hobgoblin hits you. The hobgoblin closely misses you.
You hit the hobgoblin.
The hobgoblin is severely wounded.
The hobgoblin closely misses you. x2
You barely miss the hobgoblin.
The hobgoblin is severely wounded.
The hobgoblin hits you. The kobold hits you with a +0 dagger.
The hobgoblin hits you.
* * * LOW HITPOINT WARNING * * *
The hobgoblin attacks as you move away! The hobgoblin hits you.
* * * LOW HITPOINT WARNING * * *
The hobgoblin closely misses you.
The kobold throws a stone.
The stone hits you.
* * * LOW HITPOINT WARNING * * *
The hobgoblin attacks as you move away! The hobgoblin closely misses you.
The kobold throws a stone.
The stone misses you. The hobgoblin hits you.
You die...

#### #.... ##### #######
##..... #...#
##.....##....... #...#
##............... #...#
#................ ##...#
#.......@g....... #....#
#........g.......
#.>(.###........K..?....
##....##.................
#.....##.....[...........
..#...#..................
#...รท.#.........##.......
#.....#.......### #......
..#.......#.### #.....


You could see 2 hobgoblins and a kobold.

Vanquished Creatures
  3 endoplasms (D:1)
  2 hobgoblins (D:1)
  A quokka (D:1)
  6 frilled lizards (D:1)
  A goblin (D:1)
  A rat (D:1)
14 creatures vanquished.

Vanquished Creatures (others)
  7 plants (D:1)
7 creatures vanquished.

Grand Total: 21 creatures vanquished

Notes
Turn   | Place    | Note
-------+----------+-------------------------------------------
     0 | D:1      | ChiefBigBeans the Merfolk Venom Mage began the quest for
                  | the Orb.
     0 | D:1      | Reached XP level 1. HP: 13/13 MP: 3/3
    77 | D:1      | Reached XP level 2. HP: 4/20 MP: 0/5
   409 | D:1      | HP: 1/20 [kobold/stone (1)]
   412 | D:1      | Slain by a hobgoblin

Illustrated notes

Levels and vault maps discovered:
D:1:      minmay_arrival_stone_box, layout_rooms, minmay_lizard_king

Action                   || total
-------------------------++-------
Melee: Dagger            ||    26
 Cast: Sting             ||    14
Armor: Robe              ||     3
Dodge: Dodged            ||    20
